Map: Romanticide LE

Players

Geralt (Gerald) - Winner!

  • Race: Protoss Protoss
  • League: Grandmaster
  • Spawn Location: 11:00

soul

  • Race: Terran Terran
  • League: Grandmaster
  • Spawn Location: 5:00

Event: DreamHack SC2 Masters 2020 Winter

VOD

Have the link to the VOD?

Description

Time

  • Played on: Nov. 4, 2020, 2:07 p.m.
  • Length: 15:28

All games in this series

Show
View Real Time Build Order
Export as new Build Order

Geralt Protoss - Winner!

Build Orders: 1 Gate Expand, Phoenix Opening, Carriers 

Get SALT Encoding   

  12  0:00  Probe  
  13  0:12  Probe  
  14  0:17  Pylon  
  14  0:24  Probe (Chrono Boost)  
  16  0:36  Gateway  
  16  0:37  Probe (Chrono Boost)  
  16  0:42  Probe (Chrono Boost)  
  16  0:46  Assimilator  
  17  0:51  Probe  
  18  1:03  Probe  
  19  1:15  Probe  
  20  1:23  Cybernetics Core  
  20  1:28  Probe  
  21  1:36  Nexus  
  21  1:46  Probe, Pylon  
  22  1:52  Assimilator  
  22  1:58  Probe  
  23  2:01  Adept (Chrono Boost)  
  25  2:10  Probe  
  26  2:22  Probe, Adept (Chrono Boost)  
  29  2:34  Probe  
  30  2:37  Warp Gate  
  30  2:39  Stargate  
  30  2:47  Probe, Adept  
  33  2:53  Probe  
  34  2:59  Probe  
  34  3:05  Probe  
  35  3:11  Probe  
  34  3:17  Probe  
  35  3:22  Phoenix (Chrono Boost)  
  35  3:23  Probe  
  38  3:29  Probe  
  38  3:30  Gateway  
  38  3:32  Gateway  
  39  3:35  Probe  
  39  3:38  Phoenix (Chrono Boost)  
  42  3:43  Pylon  
  42  3:44  Probe  
  42  3:47  Probe  
  44  3:50  Assimilator  
  44  3:52  Assimilator  
  44  3:58  Phoenix (Chrono Boost)  
  46  4:07  Probe x2  
  48  4:10  Robotics Facility  
  48  4:19  Probe, Phoenix  
  49  4:28  Probe  
  43  4:34  Probe  
  43  4:37  Nexus  
  43  4:41  Probe  
  44  4:45  Phoenix (Chrono Boost)  
  44  4:46  Probe  
  47  4:53  Probe  
  47  4:58  Probe  
  53  5:09  Probe  
  54  5:14  Pylon  
  54  5:16  Stargate  
  54  5:20  Probe  
  54  5:21  Probe  
  52  5:22  Robotics Bay  
  52  5:30  Gateway, Forge  
  52  5:32  Probe  
  52  5:33  Probe, Pylon, Phoenix (Chrono Boost)  
  56  5:38  Observer  
  57  5:44  Probe  
  57  5:45  Probe  
  59  5:52  Probe  
  59  5:56  Probe, Phoenix  
  63  5:57  Probe  
  64  6:04  Probe  
  64  6:06  Shield Battery  
  64  6:07  Colossus (Chrono Boost)  
  64  6:09  Probe  
  68  6:14  Stalker x2  
  68  6:18  Zealot  
  74  6:26  Probe, Stalker  
  74  6:27  Probe  
  74  6:28  Phoenix  
  74  6:29  Probe  
  81  6:39  Probe x2, Phoenix  
  85  6:47  Pylon  
  85  6:48  Assimilator  
  85  6:52  Assimilator  
  85  6:55  Pylon  
  85  6:56  Pylon  
  85  6:57  Protoss Air Weapons Level 1 (Chrono Boost)  
  85  7:05  Probe x3, Phoenix  
  85  7:06  Twilight Council  
  90  7:17  Probe x3  
  90  7:18  Photon Cannon  
  92  7:29  Probe x3  
  95  7:30  Photon Cannon  
  95  7:32  Colossus (Chrono Boost)  
  95  7:35  Photon Cannon  
  101  7:41  Probe x3  
  104  7:49  Extended Thermal Lance  
  104  7:52  Pylon, Phoenix  
  104  7:53  Probe x3, Phoenix  
  109  8:08  Gateway x2  
  109  8:11  Pylon  
  109  8:13  Charge, Pylon, Gateway  
  109  8:14  Protoss Ground Weapons Level 1  
  109  8:27  Colossus (Chrono Boost)  
  109  8:31  Pylon  
  112  8:57  Probe, Observer  
  112  8:58  Probe  
  112  8:59  Fleet Beacon  
  112  9:02  Probe  
  115  9:04  Shield Battery, Photon Cannon  
  115  9:05  Zealot x3  
  115  9:06  Zealot x3  
  133  9:19  Disruptor (Chrono Boost)  
  133  9:21  Nexus  
  130  9:27  Gateway  
  130  9:29  Templar Archives  
  130  9:30  Pylon  
  130  9:32  Pylon  
  130  9:33  Pylon  
  130  9:34  Observer  
  130  9:36  Pylon  
  130  9:41  Pylon  
  130  9:48  Disruptor  
  130  9:49  Anion Pulse-Crystals, Carrier  
  139  9:52  Pylon  
  139  10:05  Observer  
  139  10:06  Probe x2  
  141  10:08  Psionic Storm  
  141  10:10  Probe  
  142  10:18  Probe  
  142  10:19  Photon Cannon, High Templar  
  142  10:20  High Templar x2  
  149  10:22  Photon Cannon  
  149  10:23  Shield Battery  
  149  10:28  Photon Cannon  
  149  10:30  Probe  
  149  10:35  Probe, Unknown  
  151  10:36  Carrier  
  151  10:40  Disruptor (Chrono Boost)  
  157  10:45  Probe  
  157  10:50  Stalker x2, Photon Cannon  
  157  10:51  Stalker  
  163  11:09  Disruptor  
  166  11:12  Probe  
  166  11:17  Probe  
  168  11:23  Nexus  
  168  11:24  Pylon, Photon Cannon  
  168  11:25  Zealot x5  
  174  11:26  Zealot, Photon Cannon  
  174  11:27  Photon Cannon  
  176  11:41  Carrier  
  176  11:45  Disruptor  
  181  11:59  Carrier  
  181  12:00  Protoss Ground Weapons Level 2 (Chrono Boost)  
  187  12:03  Gateway x2  
  185  12:10  Gateway  
  183  12:19  Forge, Nexus  
  183  12:21  Pylon  
  177  12:22  Protoss Air Weapons Level 2 (Chrono Boost)  
  177  12:25  Shield Battery, Photon Cannon  
  176  12:37  Disruptor (Chrono Boost)  
  176  12:39  Stalker x3, Zealot  
  176  12:40  Zealot x4  
  193  13:00  Carrier  
  187  13:08  Protoss Shields Level 1 (Chrono Boost)  
  184  13:16  Probe x2  
  190  13:20  Probe, Carrier  
  190  13:25  Probe, High Templar x2  
  190  13:27  Pylon, Nexus  
  190  13:33  Zealot x2  
  190  13:34  Zealot x6  
  200  13:41  Pylon  
  200  13:43  Assimilator  
  200  13:47  Assimilator  
  198  14:04  Zealot x2  
  198  14:06  Zealot  
  175  14:40  Probe  
  175  14:41  Probe  
  177  14:47  Zealot  
  177  14:48  Zealot x7  
  182  15:14  Stalker x4  
  182  15:15  Stalker x2  
  182  15:24  Archon  
Show
View Real Time Build Order
Export as new Build Order

soul Terran 

Build Orders: Reaper Expand 

Get SALT Encoding   

  12  0:00  SCV  
  13  0:12  SCV  
  14  0:17  Supply Depot  
  14  0:24  SCV  
  15  0:38  SCV  
  15  0:40  Barracks  
  16  0:44  Refinery  
  16  0:50  SCV  
  17  1:02  SCV  
  18  1:15  SCV  
  19  1:27  Orbital Command  
  19  1:28  Reaper  
  20  1:43  Command Center  
  20  1:54  SCV  
  20  1:57  Supply Depot  
  20  1:59  Marine  
  22  2:06  SCV  
  23  2:10  Factory  
  23  2:18  SCV  
  24  2:22  Barracks Reactor  
  24  2:26  Refinery  
  24  2:29  Bunker  
  24  2:31  SCV  
  25  2:43  SCV  
  26  2:55  SCV, Hellion  
  26  2:58  Starport  
  29  2:59  Marine  
  29  3:03  Marine  
  31  3:07  SCV  
  31  3:09  Orbital Command  
  31  3:17  Marine, Factory Tech Lab  
  31  3:19  SCV  
  33  3:27  Marine  
  33  3:31  SCV  
  35  3:34  Viking  
  35  3:35  SCV  
  38  3:43  SCV  
  38  3:45  Cyclone  
  38  3:47  Supply Depot  
  42  3:50  SCV  
  43  3:55  SCV  
  43  3:58  Supply Depot  
  43  4:02  SCV  
  45  4:03  Marine  
  45  4:08  SCV, Marine  
  48  4:14  SCV  
  48  4:17  Cyclone  
  48  4:20  SCV  
  48  4:21  Marine  
  51  4:26  Marine  
  53  4:32  SCV  
  53  4:35  Command Center  
  53  4:36  SCV  
  52  4:39  Marine  
  52  4:42  Armory  
  52  4:44  Marine  
  52  4:45  SCV  
  55  4:48  SCV  
  55  4:49  Cyclone  
  55  4:50  Viking  
  61  4:57  SCV  
  62  5:01  SCV  
  62  5:11  Barracks x2  
  62  5:12  Supply Depot  
  62  5:15  Supply Depot  
  62  5:19  Refinery  
  62  5:21  Refinery  
  62  5:25  Supply Depot  
  62  5:30  Drilling Claws  
  62  5:33  Medivac, Marine  
  62  5:34  SCV x2, Widow Mine  
  69  5:41  Engineering Bay  
  69  5:43  Engineering Bay  
  69  5:46  SCV x2  
  69  5:48  Supply Depot  
  69  5:50  Marine  
  69  5:53  Orbital Command  
  70  5:57  Widow Mine  
  70  5:59  SCV  
  70  6:02  SCV  
  72  6:07  Medivac, Barracks Tech Lab x2  
  74  6:14  Barracks  
  74  6:16  SCV, Barracks  
  74  6:17  Supply Depot  
  75  6:18  Orbital Command  
  75  6:20  SCV  
  76  6:27  Terran Infantry Weapons Level 1, Stimpack, Terran Infantry Armor Level 1, Marine  
  76  6:29  Marine  
  76  6:31  SCV, Marine  
  76  6:32  Marine  
  81  6:35  Widow Mine  
  81  6:39  SCV  
  84  6:44  SCV, Starport Reactor  
  84  6:45  SCV, Marine  
  87  6:47  Marine  
  87  6:48  Marine  
  87  6:51  SCV  
  90  6:56  SCV, Marauder  
  90  6:57  SCV, Supply Depot  
  95  7:02  Barracks Reactor  
  95  7:03  Combat Shield  
  95  7:04  SCV, Barracks Tech Lab  
  95  7:06  Barracks Reactor  
  95  7:07  Marauder  
  97  7:15  SCV  
  98  7:17  SCV, Marauder  
  98  7:18  SCV  
  102  7:25  Marauder  
  102  7:27  SCV  
  102  7:28  Marauder  
  102  7:29  SCV, Bunker  
  106  7:30  Medivac x2  
  106  7:34  Concussive Shells  
  108  7:37  Widow Mine  
  108  7:38  Marine  
  108  7:39  Widow Mine  
  108  7:40  SCV x2  
  108  7:42  SCV  
  116  7:45  Refinery x2  
  116  7:46  Marine  
  116  7:49  Marauder  
  116  7:50  Supply Depot  
  119  7:52  SCV x2  
  119  7:53  Supply Depot  
  119  7:55  SCV  
  119  7:56  Marine  
  123  7:59  Widow Mine  
  125  8:07  Command Center  
  125  8:12  Medivac x2, Marine x4  
  133  8:14  Marine  
  133  8:15  Marauder x2, Widow Mine  
  133  8:18  Bunker  
  140  8:21  Supply Depot  
  140  8:22  Supply Depot, Starport, Ghost Academy  
  140  8:25  Supply Depot, Widow Mine  
  140  8:26  SCV, Supply Depot  
  143  8:29  Marine  
  143  8:33  Marauder  
  146  8:36  Marine  
  141  8:42  Medivac x2  
  138  8:55  Ghost x2  
  138  9:01  SCV  
  139  9:05  Factory Reactor  
  139  9:08  Terran Ship Weapons Level 1, Supply Depot  
  139  9:10  Barracks  
  139  9:11  Barracks  
  139  9:12  Viking x2, SCV, Barracks  
  139  9:16  Viking x2  
  148  9:18  Ghost  
  148  9:23  SCV x2  
  152  9:30  Terran Infantry Weapons Level 2  
  152  9:31  Marine  
  152  9:33  Refinery, Missile Turret  
  152  9:34  Missile Turret  
  152  9:35  Refinery  
  153  9:39  Marauder, Marine  
  153  9:41  Supply Depot  
  153  9:42  Viking  
  158  9:46  SCV x2  
  158  9:47  Viking  
  158  9:50  Missile Turret  
  162  9:54  Planetary Fortress  
  162  9:55  Viking  
  164  10:03  Viking  
  164  10:06  Widow Mine x2  
  170  10:10  Bunker  
  170  10:12  Viking  
  170  10:13  Supply Depot  
  171  10:17  Command Center  
  171  10:18  Terran Infantry Armor Level 2  
  171  10:19  Viking  
  175  10:29  Sensor Tower  
  175  10:31  Sensor Tower  
  175  10:34  Barracks Tech Lab  
  175  10:35  Barracks Tech Lab x2  
  175  10:38  Fusion Core  
  171  10:50  Viking x2  
  171  10:53  Starport  
  171  10:55  Viking x2  
  178  11:12  Armory, Terran Ship Weapons Level 2  
  178  11:20  Viking x2  
  178  11:25  Viking  
  182  11:27  Viking  
  184  11:43  Ghost x3  
  180  11:48  Ghost  
  180  11:53  Marine  
  175  11:54  Marauder  
  175  11:57  Marine  
  175  11:58  Marauder  
  178  12:05  Starport Reactor  
  178  12:07  Command Center, Terran Vehicle And Ship Armor Level 1  
  178  12:08  Command Center  
  177  12:10  Marine  
  177  12:12  Marauder  
  179  12:18  Marauder, Marine  
  180  12:23  Liberator x2  
  180  12:25  Planetary Fortress  
  186  12:31  Personal Cloaking  
  184  12:54  Marauder, Marine  
  184  12:55  Liberator x3  
  190  13:04  Starport  
  185  13:05  Refinery  
  185  13:06  Refinery  
  185  13:07  Advanced Ballistics  
  185  13:10  Marine  
  185  13:11  Marauder x5  
  167  13:14  Marine  
  167  13:15  Marauder  
  167  13:17  Marine  
  169  13:20  Marine  
  166  13:29  Marine  
  166  13:32  SCV x2, Marauder x4  
  173  13:35  Sensor Tower  
  173  13:38  Orbital Command  
  173  13:40  SCV  
  174  13:44  Medivac x2, Liberator  
  181  13:50  Ghost  
  181  13:51  SCV  
  181  13:54  SCV  
  184  13:56  SCV x2  
  184  13:57  Nuke  
  182  14:03  SCV  
  182  14:05  SCV  
  182  14:06  SCV  
  182  14:08  SCV, Viking  
  188  14:13  Viking  
  188  14:15  SCV  
  185  14:27  Ghost x2  
  185  14:28  SCV  
  185  14:29  SCV  
  185  14:30  Orbital Command  
  168  14:39  SCV  
  169  14:47  Ghost x2  
  169  14:48  Starport Tech Lab  
  173  14:53  SCV  
  173  14:54  Sensor Tower  
  173  14:55  Ghost  
  176  15:01  Starport Tech Lab  
Tags
 
Add a new tag
Caveats
  • Supply blocks, unpowered buildings, or Contaminate may cause inaccurate times.
  • Supply counts are checked every 10 seconds.